 Dungeon Sprint DCSS version 0.29.1-14-g9c671dbff4 (webtiles) character file.

Game seed: 10996403581049622736

1066 Groucho the Nimble (level 8, -13/36 HPs)
             Began as a Spriggan Earth Elementalist on Feb 12, 2023.
             Was a High Priest of Vehumet.
             Mangled by a wyvern (15 damage)
             ... in the Dungeon (Sprint VII: "The Pits").
             The game lasted 00:06:03 (2544 turns).

Groucho the Nimble (Spriggan Earth Elementalist)    Turns: 2544, Time: 00:06:04

Health: -13/36     AC:  2    Str:  4    XL:     8   Next: 7%
Magic:  3/21       EV: 23    Int: 18    God:    Vehumet [*****.]
Gold:   0          SH:  0    Dex: 16    Spells: 10/24 levels left

rFire   . . .      SeeInvis +   n - +1 quarterstaff (speed)
rCold   . . .      Faith    .   (shield currently unavailable)
rNeg    . . .      Spirit   .   a - +0 robe
rPois   .          Reflect  .   (helmet restricted)
rElec   .          Harm     .   (no cloak)
rCorr   .          Rampage  .   (gloves unavailable)
Will    +....      NoTele   +   (boots unavailable)
Stlth   ++........              (no amulet)
HPRegen 0.12/turn               (no ring)
MPRegen 0.17/turn               (no ring)

@: very quick
A: very small, no large weapons, unfitting armour, see invisible, speed 3
a: Renounce Religion


You were in the Dungeon.
You worshipped Vehumet.
Vehumet was extremely pleased with you.
You visited 1 branch

Inventory:

Hand Weapons
 m - a +0 dagger of venom
 n - a +1 quarterstaff of speed (weapon)
Missiles
 l - 10 stones
Armour
 a - a +0 robe (worn)
Wands
 h - a wand of flame (18)
Scrolls
 g - a scroll of blinking
 j - 5 scrolls of amnesia
 k - a scroll of summoning
Potions
 b - 5 potions of magic
 c - 6 potions of curing
 d - 6 potions of heal wounds
 e - a potion of haste
 f - 3 potions of berserk rage
 i - 2 potions of invisibility


   Skills:
 + Level 9.5 Dodging
 - Level 3.0 Stealth
 + Level 8.8 Spellcasting
 * Level 5.6 Conjurations
 + Level 5.8 Transmutations
 + Level 1.9 Fire Magic
 + Level 3.7 Air Magic
 * Level 9.5 Earth Magic
 + Level 4.2 Poison Magic


You had 10 spell levels left.
You knew the following spells:

 Your Spells              Type           Power      Damage    Failure   Level
a - Sandblast             Erth           84%        2d18      1%          1
b - Stone Arrow           Conj/Erth      70%        3d11      1%          3
c - Poisonous Vapours     Pois/Air       44%        N/A       1%          2
d - Conjure Flame         Conj/Fire      21%        6-21      1%          3
e - Lee's Rapid Deconstr  Erth           21%        3d13*     1%          5

Your spell library contained the following spells:

 Spells                   Type           Power      Damage    Failure   Level
 Lightning Bolt           Conj/Air       12%        1d25      11%         5
 Passwall                 Tmut/Erth      29%        N/A       1%          2
 Petrify                  Tmut/Erth      35%        N/A       3%          4


Dungeon Overview and Level Annotations

Branches:
Dungeon (1/1)

Altars:
Ashenzari
Cheibriados
Dithmenos
Elyvilon
Fedhas
Gozag
Hepliaklqana
Kikubaaqudgha
Makhleb
Nemelex Xobeh
Okawaru
Qazlal
Ru
Sif Muna
Trog
Uskayaw
Vehumet
Wu Jian
Xom
Yredelemnul
Zin
The Shining One
Jiyva
Lugonu


Innate Abilities, Weirdness & Mutations

You are very small and have problems with some larger weapons.
You are too small for most types of armour.
You have supernaturally acute eyesight. (SInv)
You cover ground extremely quickly. (Speed+++)


Message History

The wyvern is moderately wounded.
The wyvern bites you. The wyvern completely misses you.
Unknown command.
Casting: Sandblast (safe; 1% risk of failure)
Confirm with . or Enter, or press ? or * to list all spells.
Aiming: Sandblast (safe; 1% risk of failure)
Press: ? - help, Shift-Dir - straight line, f/p - wyvern
Aim: a wyvern (moderately wounded, 85% to hit)
The blast of sand hits the wyvern!
The wyvern is heavily wounded.
The wyvern completely misses you. The wyvern closely misses you.
Casting: Sandblast (safe; 1% risk of failure)
Confirm with . or Enter, or press ? or * to list all spells.
Aiming: Sandblast (safe; 1% risk of failure)
Press: ? - help, Shift-Dir - straight line, f/p - wyvern
Aim: a wyvern (heavily wounded, 85% to hit)
The blast of sand hits the wyvern!
The wyvern is almost dead.
The wyvern completely misses you. x2
Unknown command.
Casting: Sandblast (safe; 1% risk of failure)
Confirm with . or Enter, or press ? or * to list all spells.
Aiming: Sandblast (safe; 1% risk of failure)
Press: ? - help, Shift-Dir - straight line, f/p - wyvern
Aim: a wyvern (almost dead, 85% to hit)
The blast of sand hits the wyvern but does no damage.
The wyvern is almost dead.
The wyvern closely misses you. The wyvern barely misses you.
Unknown command.
Unknown command.
Unknown command.
Casting: Sandblast (safe; 1% risk of failure)
Confirm with . or Enter, or press ? or * to list all spells.
Aiming: Sandblast (safe; 1% risk of failure)
Press: ? - help, Shift-Dir - straight line, f/p - wyvern
Aim: a wyvern (almost dead, 85% to hit)
The blast of sand misses the wyvern.
The wyvern bites you! x2
* * * LOW HITPOINT WARNING * * *
The wyvern bites you!
You die...

#.#...)).[.##.......#
#'###########.......#
#.......#.. #########
#..###..#.# ####
#.......#.#....#
##.###.##)#....#
#.......#.'....+
#..###..#l#....#
#.......@.# .l.#
########### ###


You could see a wyvern.

Vanquished Creatures
  A tyrant leech (D)
  Prince Ribbit (D)
  A spriggan (D)
  A floating eye (D)
  An ice beast (D)
  An ogre (D)
  A phantom (D)
  A bullfrog (D)
  A crimson imp (D)
  A quasit (D)
  Ijyb (D)
  A gnoll (D)
  An orc (D)
  A bat skeleton (D)
  2 endoplasms (D)
  A giant cockroach (D)
  A hobgoblin (D)
  A kobold (D)
  A ball python (D)
  A ball python skeleton (D)
  2 bats (D)
  A frilled lizard (D)
24 creatures vanquished.

Notes
Turn   | Place    | Note
-------+----------+-------------------------------------------
     0 | D        | Groucho the Spriggan Earth Elementalist began the quest for
                  | the Orb.
     0 | D        | Reached XP level 1. HP: 9/9 MP: 5/5
    10 | D        | Noticed a floating eye
    11 | D        | Paralysed by a floating eye for 2 turns
    15 | D        | Killed a floating eye
    16 | D        | Reached XP level 2. HP: 13/13 MP: 1/10
    16 | D        | Reached XP level 3. HP: 16/16 MP: 1/11
    16 | D        | Reached XP level 4. HP: 21/21 MP: 1/13
   408 | D        | Learned a level 3 spell: Stone Arrow
   439 | D        | Found a bloodstained altar of Trog.
   439 | D        | Found a shimmering blue altar of Sif Muna.
   439 | D        | Found a viscous altar of Jiyva.
   439 | D        | Found a hazy altar of Hepliaklqana.
   439 | D        | Found an opulent altar of Gozag.
   440 | D        | Found a glowing golden altar of the Shining One.
   440 | D        | Found a glowing silver altar of Zin.
   440 | D        | Found a basalt altar of Yredelemnul.
   440 | D        | Found a shimmering altar of Xom.
   440 | D        | Found an ornate altar of the Wu Jian Council.
   440 | D        | Found a sacrificial altar of Ru.
   440 | D        | Found a stormy altar of Qazlal.
   440 | D        | Found an iron altar of Okawaru.
   440 | D        | Found a sparkling altar of Nemelex Xobeh.
   440 | D        | Found a burning altar of Makhleb.
   440 | D        | Found a blossoming altar of Fedhas.
   440 | D        | Found a white marble altar of Elyvilon.
   440 | D        | Found a shadowy altar of Dithmenos.
   440 | D        | Found a snail-covered altar of Cheibriados.
   442 | D        | Found a radiant altar of Vehumet.
   442 | D        | Found a corrupted altar of Lugonu.
   443 | D        | Found a hide-covered altar of Uskayaw.
   443 | D        | Found an ancient bone altar of Kikubaaqudgha.
   443 | D        | Found a broken altar of Ashenzari.
   450 | D        | Became a worshipper of Vehumet
   469 | D        | Reached * piety under Vehumet
   469 | D        | Offered knowledge of Shock by Vehumet.
   663 | D        | Noticed an ice beast
   671 | D        | Offered knowledge of Poisonous Vapours by Vehumet.
   671 | D        | Reached ** piety under Vehumet
   674 | D        | Killed an ice beast
   675 | D        | Reached XP level 5. HP: 24/24 MP: 11/15
   906 | D        | Learned a level 2 spell: Poisonous Vapours
   925 | D        | Noticed an ogre
   935 | D        | Offered knowledge of Conjure Flame by Vehumet.
   937 | D        | Reached *** piety under Vehumet
   952 | D        | Killed an ogre
   953 | D        | Reached skill level 1 in Air Magic
   953 | D        | Reached skill level 1 in Poison Magic
   953 | D        | Reached XP level 6. HP: 24/28 MP: 11/17
   957 | D        | Learned a level 3 spell: Conjure Flame
  1114 | D        | Offered knowledge of Ignite Poison by Vehumet.
  1347 | D        | Reached **** piety under Vehumet
  1658 | D        | Offered knowledge of Lee's Rapid Deconstruction by Vehumet.
  1665 | D        | Learned a level 5 spell: Lee's Rapid Deconstruction
  1667 | D        | Noticed a tyrant leech
  1682 | D        | Killed a tyrant leech
  1683 | D        | Reached XP level 7. HP: 32/32 MP: 6/19
  2023 | D        | Noticed Ijyb
  2029 | D        | Reached ***** piety under Vehumet
  2030 | D        | Reached skill level 5 in Conjurations
  2031 | D        | Killed Ijyb
  2031 | D        | Offered knowledge of Lightning Bolt by Vehumet.
  2032 | D        | Reached skill level 5 in Transmutations
  2033 | D        | Reached skill level 1 in Fire Magic
  2531 | D        | Noticed Prince Ribbit
  2531 | D        | Noticed a spriggan
  2531 | D        | Noticed a wyvern
  2537 | D        | Killed Prince Ribbit
  2539 | D        | Killed a spriggan
  2540 | D        | Reached XP level 8. HP: 32/36 MP: 7/21
  2544 | D        | Mangled by a wyvern

Illustrated notes

Levels and vault maps discovered:
D:        pitsprint [storerooms_1, entrance_room_1, metal_vault_5, armoury_1,
          mini_pit_1, grid_room_1, main_hall_1, silver_pit, the_coven_3,
          the_vestibule_1, steel_vault_1, golden_pit, hallway_of_sentries,
          crystal_vault_1, iron_vault_4, final_vault]

Skill      XL: |  1  2  3  4  5  6  7 |
---------------+----------------------+-----
Dodging        | 6 7 8 9 |  9.5
Spellcasting   | 6 7 8 |  8.8
Earth Magic    | 6 7 8 9 |  9.5
Conjurations   | 2 3 4 5 |  5.6
Transmutations | 2 4 5 |  5.8
Air Magic      | 1 2 3 |  3.7
Poison Magic   | 1 3 4 |  4.2
Fire Magic     | 1 |  1.9
Stealth        | |  3.0

Action                   |  1- 3 |  4- 6 |  7- 9 || total
-------------------------+-------+-------+-------++-------
Melee: Quarterstaff      |       |     2 |       ||     2
 Cast: Sandblast         |     4 |    27 |     9 ||    40
       Stone Arrow       |       |     5 |     9 ||    14
       Poisonous Vapours |       |     1 |       ||     1
Dodge: Dodged            |       |    16 |    19 ||    35
